 Dungeon Crawl Stone Soup version 0.29.1-15-g9cfb28693d (webtiles) character file.

Game seed: 11446691938222693760

114 zeram the Covered (level 4, -6/29 HPs)
             Began as a Gargoyle Fighter on Apr 11, 2023.
             Mangled by an iguana (10 damage)
             ... on level 4 of the Dungeon.
             The game lasted 00:04:13 (2465 turns).

zeram the Covered (Gargoyle Fighter)                Turns: 2465, Time: 00:04:13

Health: -6/29      AC: 11    Str: 21    XL:     4   Next: 98%
Magic:  4/4        EV:  9    Int: 15    God:
Gold:   115        SH:  0    Dex:  9    Spells: 3/3 levels left

rFire   . . .      SeeInvis .   h - +0 arbalest
rCold   . . .      Faith    .   (shield currently unavailable)
rNeg    + . .      Spirit   .   b - +0 scale mail
rPois   ∞          Reflect  .   s - +0 helmet
rElec   +          Harm     .   (no cloak)
rCorr   .          Rampage  .   (no gloves)
Will    .....                   (no boots)
Stlth   ..........              (no amulet)
HPRegen 0.09/turn               e - +6 ring of intelligence
MPRegen 0.09/turn               (no ring)

@: no status effects
A: sickness immunity, AC +3, negative energy resistance 1, electricity
resistance, torment resistance 1, petrification resistance
a: no special abilities


You were on level 4 of the Dungeon.
You visited 1 branch of the dungeon, and saw 4 of its levels.

You collected 115 gold pieces.

Inventory:

Hand Weapons
 a - a +1 flail
 h - a +0 arbalest (weapon)
Armour
 b - a +0 scale mail (worn)
 c - a +0 buckler
 n - a +0 tower shield
 s - a +0 helmet (worn)
Jewellery
 e - a +6 ring of intelligence (left hand)
 j - a ring of positive energy
 l - an amulet of regeneration
Scrolls
 k - a scroll of teleportation {unknown}
 m - a scroll of blinking {unknown}
 o - a scroll of vulnerability {unknown}
 r - 2 scrolls of identify
Potions
 d - 2 potions of might
 f - 2 potions of haste
 g - a potion of resistance {unknown}
 i - 3 potions of cancellation {unknown}
 p - 4 potions of brilliance {unknown}
 q - a potion of lignification {unknown}
 t - a potion of curing {unknown}


   Skills:
 + Level 3.7 Fighting
 + Level 2.9 Maces & Flails
 + Level 2.0 Ranged Weapons
 + Level 3.9 Armour
 + Level 0.6 Dodging
 + Level 3.6 Shields


You had 3 spell levels left.
You didn't know any spells.
Your spell library contained the following spells:

 Spells                   Type           Power      Damage    Failure   Level
 Call Canine Familiar     Summ           0%         N/A       91%         3
 Portal Projectile        Hex/Tloc       0%         N/A       91%         3
 Leda's Liquefaction      Hex/Erth       0%         N/A       100%        4


Dungeon Overview and Level Annotations

Branches:
Dungeon (4/15)
 Temple: D:4-7

Altars:


Innate Abilities, Weirdness & Mutations

You are immune to sickness and miasma.
Your stone body is resilient. (AC +3)
You are immune to poison.
You resist negative energy. (rN+)
You are resistant to electric shocks. (rElec)
You are resistant to unholy torment.
You are immune to petrification.


Message History

Really attack while wielding your +0 arbalest? [Y]es or [N]o only, please.
Really attack while wielding your +0 arbalest?
Okay, then.
Fire: h) +0 arbalest
Press: ? - help, Q - select action Shift-Dir - straight line, f - iguana
Aim: an iguana (52% to hit)
You shoot a bolt. The bolt barely misses the iguana.
The iguana barely misses you.
Fire: h) +0 arbalest
Press: ? - help, Q - select action Shift-Dir - straight line, f/p - iguana
Aim: an iguana (52% to hit)
You shoot a bolt. The bolt closely misses the iguana.
The iguana bites you!
The iguana bites you but does no damage.
Fire: h) +0 arbalest
Press: ? - help, Q - select action Shift-Dir - straight line, f/p - iguana
Aim: an iguana (52% to hit)
You shoot a bolt. The bolt closely misses the iguana.
The iguana closely misses you. The iguana bites you!
Unknown command.
Fire: h) +0 arbalest
Press: ? - help, Q - select action Shift-Dir - straight line, f/p - iguana
Aim: an iguana (52% to hit)
You shoot a bolt. The bolt closely misses the iguana.
The iguana bites you but does no damage. x2
Unknown command.
Fire: h) +0 arbalest
Press: ? - help, Q - select action Shift-Dir - straight line, f/p - iguana
Aim: an iguana (52% to hit)
You shoot a bolt. The bolt hits the iguana!
The iguana is severely wounded.
The iguana bites you. x2
* * * LOW HITPOINT WARNING * * *
Fire: h) +0 arbalest
Press: ? - help, Q - select action Shift-Dir - straight line, f/p - iguana
Aim: an iguana (severely wounded, 52% to hit)
You shoot a bolt. The bolt barely misses the iguana.
The iguana closely misses you. The iguana bites you!
You die...

############
#.......<..##
####.#######...#**
#....######..#..#*
#.##........###.#,
#.##.######..#,..#
#.##.# ##......
******#######.##.#
*###.##
*,,,,,......l@...#
*,#*
*,****#######.####*
**,** *,* #..,,,*
*,<,, *,*****
####*,* *,,**
*,,,,,* *,* *,,*
*****,* *,* *,,*
*,* *,* *,,* *,*
*,* *,,* *,* **,*
*,,**


You could see an iguana.

Vanquished Creatures
  An orc priest (D:3)
  3 adders
  A worm (D:3)
  A dart slug (D:3)
  2 orcs (D:3)
  7 bats
  5 endoplasms
  A giant cockroach (D:1)
  5 goblins
  4 hobgoblins
  3 jackals (D:2)
  3 quokkas
  A ball python (D:3)
  2 frilled lizards
  8 kobolds
  4 rats
51 creatures vanquished.

Notes
Turn   | Place    | Note
-------+----------+-------------------------------------------
     0 | D:1      | zeram the Gargoyle Fighter began the quest for the Orb.
     0 | D:1      | Reached XP level 1. HP: 14/14 MP: 1/1
   150 | D:1      | Reached XP level 2. HP: 16/19 MP: 2/2
   641 | D:1      | Found a faded altar of an unknown god.
   777 | D:2      | Reached XP level 3. HP: 19/23 MP: 3/3
  1258 | D:2      | Reached XP level 4. HP: 28/28 MP: 4/4
  1581 | D:3      | Reached skill level 1 in Ranged Weapons
  2465 | D:4      | Mangled by an iguana

Illustrated notes

Levels and vault maps discovered:
D:1:      dpeg_arrival_arbitrary_b, layout_basic,
          dreamdust_ecumenical_altar_hidden_monk_grotto
D:2:      layout_rooms, minmay_pentomino_u2
D:3:      layout_basic
D:4:      layout_loops_ring, marbit_many_paths, nicolae_ossuary_entry_monument,
          portal_sewer_entry_d

Skill      XL: |  1  2  3  4 |
---------------+-------------+-----
Ranged Weapons | 2 |  2.0
Fighting       | |  3.7
Maces & Flails | |  2.9
Armour         | |  3.9
Dodging        | |  0.6
Shields        | |  3.6

Action                   |  1- 3 |  4- 6 || total
-------------------------+-------+-------++-------
Melee: Flail             |   114 |       ||   114
 Fire: Arbalest          |    21 |    61 ||    82
  Use: Scroll            |     4 |     1 ||     5
Armor: Scale mail        |    76 |    37 ||   113
Dodge: Dodged            |    75 |    32 ||   107
Block: Buckler           |    26 |       ||    26
